 Dungeon Crawl Stone Soup version 0.29.1-15-g9cfb28693d (webtiles) character file.

Game seed: 126411890876471807

119 devnull the Chopper (level 5, 0/42 HPs)
             Began as a Human Gladiator on Feb 25, 2023.
             Succumbed to an adder's poison
             ... on level 4 of the Dungeon.
             The game lasted 00:05:54 (3006 turns).

devnull the Chopper (Human Gladiator)               Turns: 3006, Time: 00:05:55

Health: 0/42       AC:  8    Str: 16    XL:     5   Next: 24%
Magic:  5/5        EV: 11    Int:  9    God:
Gold:   72         SH:  0    Dex: 14    Spells: 4/4 levels left

rFire   . . .      SeeInvis .   a - +1 war axe
rCold   . . .      Faith    .   j - +0 buckler
rNeg    . . .      Spirit   .   t - +0 ring mail
rPois   .          Reflect  .   k - +2 hat
rElec   .          Harm     .   c - +0 cloak
rCorr   .          Rampage  .   (no gloves)
Will    .....                   (no boots)
Stlth   ..........              (no amulet)
HPRegen 0.14/turn               (no ring)
MPRegen 0.09/turn               (no ring)

@: confused, mighty, brilliant, lethally poisoned (0 -> -2), hasted, invisible,
very quick
A: no striking features
a: no special abilities


You were on level 4 of the Dungeon.
You visited 1 branch of the dungeon, and saw 4 of its levels.

You collected 72 gold pieces.

Inventory:

Hand Weapons
 a - a +1 war axe (weapon)
Missiles
 d - 3 throwing nets (quivered)
 e - a javelin
 h - 3 poisoned darts
 p - 2 boomerangs of dispersal
 r - 4 curare-tipped darts
Armour
 c - a +0 cloak (worn)
 j - a +0 buckler (worn)
 k - a +2 hat (worn)
 t - a +0 ring mail (worn)
Scrolls
 f - a scroll of poison
 g - 4 scrolls of teleportation
 i - a scroll of blinking
 o - a scroll of immolation
Potions
 n - a potion of invisibility
 q - a potion of haste


   Skills:
 + Level 3.8 Fighting
 + Level 4.4 Axes
 - Level 2.0 Throwing
 - Level 3.0 Dodging


You had 4 spell levels left.
You didn't know any spells.
Your spell library contained the following spells:

 Spells                   Type           Power      Damage    Failure   Level
 Ozocubu's Armour         Ice            0%         N/A       97%         3
 Ozocubu's Refrigeration  Ice            0%         4d7       100%        7


Dungeon Overview and Level Annotations

Branches:
Dungeon (4/15)
 Temple: D:4-7

Altars:
Dithmenos

Shops:
D:1 :(?[


Message History

* * * LOW HITPOINT WARNING * * *
Something hits you but does no damage. The adder barely misses you.
It was a potion of haste.
You feel yourself speed up.
You feel sick.
Something hits you but does no damage. x2; The adder bites you.
* * * LOW HITPOINT WARNING * * *
You are lethally poisoned!
The adder poisons you!
* * * LOW HITPOINT WARNING * * *
You feel sick. The adder closely misses you.
* * * LOW HITPOINT WARNING * * *
You feel sick.
It was a potion of invisibility.
You fade into invisibility!
* * * LOW HITPOINT WARNING * * *
You feel sick.
You hear some strange, mumbled words.
The adder resists with significant effort.
The adder closely misses you.
It was a potion of might.
You feel very mighty all of a sudden.
You hear some strange, mumbled words.
A puff of flame appears from out of thin air!
The puff of flame hits the adder.
The adder hisses angrily.
You slash the adder!
You kill the adder!
You completely miss something.
* * * LOW HITPOINT WARNING * * *
You feel sick.
It was a potion of brilliance.
You feel clever all of a sudden.
* * * LOW HITPOINT WARNING * * *
You feel sick.
You hear some strange, mumbled words.
You are confused.
It was a potion of magic.
Magic courses through your body.
A magic dart appears from out of thin air!
The magic dart hits something!
You are too confused!
You die...

#...#..### #...##....#
#...###....##
##...##..o.....
##..###........#
###{.###.........#
######
#####..)†)...........#
.....#
###....................#
.....##
#......@....####......#.
......####...........#
##....###
....<...##...........#
##..##
.....................#
###
......####..##########
####### ####


There were no monsters in sight!

Vanquished Creatures
  3 gnolls
  3 adders
  A dart slug (D:3)
  A worm (D:3)
  8 orcs
  6 ball pythons
  A bat (D:1)
  5 endoplasms
  3 giant cockroaches
  7 goblins
  2 hobgoblins (D:3)
  A quokka (D:1)
  4 frilled lizards
  4 kobolds
  4 rats
53 creatures vanquished.

Notes
Turn   | Place    | Note
-------+----------+-------------------------------------------
     0 | D:1      | devnull the Human Gladiator began the quest for the Orb.
     0 | D:1      | Reached XP level 1. HP: 16/16 MP: 1/1
   172 | D:1      | Found Piditenu's Weapon Emporium.
   182 | D:1      | Found Soublat's Magic Scroll Shoppe.
   320 | D:1      | Reached XP level 2. HP: 21/22 MP: 2/2
   364 | D:1      | Found Weash's Book Shoppe.
   628 | D:1      | Found Noong's Antique Armour Emporium.
  1248 | D:2      | Found a faded altar of an unknown god.
  1255 | D:2      | Reached XP level 3. HP: 26/28 MP: 3/3
  1355 | D:2      | Found a shadowy altar of Dithmenos.
  1852 | D:2      | Reached XP level 4. HP: 33/35 MP: 4/4
  1947 | D:3      | Reached skill level 4 in Axes
  2599 | D:3      | Reached XP level 5. HP: 41/41 MP: 5/5
  3001 | D:4      | HP: 2/42 [poisoned by an adder]
  3006 | D:4      | Succumbed to an adder's poison

Illustrated notes

Levels and vault maps discovered:
D:1:      co_arrival_square_in_a_square_in_a_square, layout_rooms,
          serial_co_window_serial, co_window_paths_a, co_window_corner_a,
          co_window_paths_a, co_window_paths_a, co_window_paths_a,
          co_window_of_opportunity_a, co_window_corner_a, co_window_corner_cb,
          co_window_unsneaky_path_d, co_window_broadway_c, co_window_broadway_b,
          co_window_corner_b, co_window_corner_b, glass_columns_c, serial_shops,
          nicolae_diamond_shop, nicolae_shop_advertising_works
          [nicolae_subvault_shop_adworks], shop, nicolae_square_shop
D:2:      layout_rooms, basic_altar, nicolae_ecumenical_pavilion
D:3:      layout_loops_corners, minmay_surrounded
D:4:      layout_cave_pods, grunt_temple_overflow_holy_war, serial_forest,
          infiniplex_forest_lined_2, infiniplex_forest_end_1,
          infiniplex_forest_straight_5, infiniplex_forest_lined_room_,
          infiniplex_forest_zigzag_1, infiniplex_forest_lined_2,
          nicolae_ossuary_entry_plus, uniq_robin, uniq_sigmund

Skill      XL: |  1  2  3  4 |
---------------+-------------+-----
Fighting       | 3 |  3.8
Axes           | 4 |  4.4
Throwing       | |  2.0
Dodging        | |  3.0

Action                   |  1- 3 |  4- 6 || total
-------------------------+-------+-------++-------
Melee: War axe           |    96 |    78 ||   174
       Punch             |     1 |       ||     1
  Use: Scroll            |     5 |     2 ||     7
       Potion            |       |     6 ||     6
Armor: Leather armour    |    38 |    15 ||    53
       Ring mail         |       |    32 ||    32
Dodge: Dodged            |    65 |    59 ||   124
Block: Buckler           |     6 |    13 ||    19
